 Dungeon Crawl Stone Soup version 0.28-a0-793-g31680bbd8b (webtiles) character file.

Game seed: 6383130043220130376

50 willcat the Sneak (level 3, -1/29 HPs)
             Began as a Mummy Delver on Nov 4, 2021.
             Slain by a worm (6 damage)
             ... on level 5 of the Dungeon.
             The game lasted 00:01:05 (686 turns).

willcat the Sneak (Mummy Delver)                     Turns: 686, Time: 00:01:06

Health: -1/29      AC: 10    Str: 16    XL:     3   Next: 55%
Magic:  3/3        EV:  5    Int:  9    God:
Gold:   25         SH:  0    Dex: 13    Spells: 2/2 levels left

rFire   x . .      SeeInvis .   a - +0 short sword
rCold   + . .      Faith    .   (no shield)
rNeg    + + +      Spirit   .   g - +0 plate armour
rPois   ∞          Reflect  .   (no helmet)
rElec   .          Harm     .   (no cloak)
rCorr   .          Rampage  .   (no gloves)
Will    .....                   (no boots)
Stlth   ..........              (no amulet)
HPRegen 0.09/turn               (no ring)
MPRegen 0.08/turn               (no ring)

@: no status effects
A: cold resistance 1, negative energy resistance 3, torment resistance 2, heat
vulnerability 1, no potions
a: no special abilities


You were on level 5 of the Dungeon.
You visited 1 branch of the dungeon, and saw 2 of its levels.

You collected 25 gold pieces.

Inventory:

Hand Weapons
 a - a +0 short sword (weapon)
Armour
 b - a +0 leather armour
 g - a +0 plate armour (worn)
Wands
 f - a wand of digging (3)
Scrolls
 c - 2 scrolls of fog
 d - 2 scrolls of magic mapping
 e - a scroll of fear


   Skills:
 - Level 3.0 Fighting
 + Level 2.5 Short Blades
 + Level 1.5 Armour
 - Level 1.7 Dodging
 - Level 4.2 Stealth


You had 2 spell levels left.
You didn't know any spells.
Your spell library contained the following spells:

 Spells                   Type           Power      Damage    Failure   Level
 Stone Arrow              Conj/Erth      0%         3d7       100%        3
 Animate Armour           Summ/Erth      0%         N/A       100%        4
 Lehudib's Crystal Spear  Conj/Erth      0%         10d2      100%        8


Dungeon Overview and Level Annotations

Branches:
Dungeon (6/15)
 Temple: D:4-7

Altars:


Innate Abilities, Weirdness & Mutations

You are immune to poison.
Your flesh is cold resistant. (rC+)
You are immune to negative energy. (rN+++)
You are immune to unholy pain and torment.
You are vulnerable to heat. (rF-)
You do not drink.


Message History

You climb upwards.
There is a stone staircase leading down here.
Unknown command.
You hit the worm.
The worm is lightly wounded.
The worm bites you.
You hit the worm.
The worm is lightly wounded.
The worm bites you.
You barely miss the worm.
The worm is lightly wounded.
You hit the worm.
The worm is moderately wounded.
The worm bites you.
You hit the worm.
The worm is severely wounded.
You hit the worm.
The worm is severely wounded.
The worm bites you but does no damage.
You hit the worm.
The worm is severely wounded.
The worm barely misses you.
You hit the worm.
The worm is severely wounded.
Your plate armour prevents you from hitting the worm.
The worm is severely wounded.
The worm bites you!
You barely miss the worm.
The worm is severely wounded.
You hit the worm but do no damage.
The worm is severely wounded.
The worm bites you.
You hit the worm but do no damage.
The worm is severely wounded.
The worm bites you.
* * * LOW HITPOINT WARNING * * *
You hit the worm.
The worm is almost dead.
The worm bites you.
You die...

######
##....########
#............$
######.............
#>@..'.............
#w####.............
#.# #.............
#.#................
#.#................
#++.......^........
...............###
...............#


You could see a worm.

Vanquished Creatures
  A bullfrog skeleton (D:6)
  An adder (D:6)
  A shadow imp (D:5)
  A dart slug (D:5)
  An orc (D:6)
5 creatures vanquished.

Notes
Turn   | Place    | Note
-------+----------+-------------------------------------------
     0 | D:5      | willcat the Mummy Delver began the quest for the Orb.
     0 | D:5      | Reached XP level 1. HP: 18/18 MP: 1/1
    21 | D:5      | Noticed an ice beast
    58 | D:5      | Noticed an iguana
   185 | D:6      | Reached skill level 1 in Armour
   185 | D:6      | Reached XP level 2. HP: 6/24 MP: 2/2
   185 | D:6      | Reached XP level 3. HP: 8/29 MP: 3/3
   686 | D:5      | Slain by a worm

Illustrated notes

Levels and vault maps discovered:
D:5:      layout_basic, minmay_temple_entry_proselytizer, serial_shops,
          nicolae_shop_trees, roderic_three_in_a_row
D:6:      layout_layer_cave, serial_bayou, serial_bayou_crossing,
          serial_bayou_shore_b, serial_bayou_shore_b, serial_bayou_pond_c

Skill      XL: |  1 |
---------------+----+-----
Short Blades   | 2 |  2.5
Armour         | 1 |  1.5
Fighting       | |  3.0
Dodging        | |  1.7
Stealth        | |  4.2

Action                   || total
-------------------------++-------
Melee: Short sword       ||    67
Armor: Plate armour      ||    33
       Leather armour    ||     2
Dodge: Dodged            ||    10

Table legend: (Time is in decaauts)
 A = Elapsed time spent in this place.
 B = Non-inter-level travel time spent in this place.
 C = Inter-level travel time spent in this place.
 D = Time resting spent in this place.
 E = Time spent auto-exploring this place.
 F = Levels seen in this place.
 G = Mean time per level.
                   A        B        C        D        E       F      G
               +--------+--------+--------+--------+--------+-----+--------+
         Total |    687 |    687 |      0 |    394 |     83 |   2 |  343.5 |
       Dungeon |    687 |    687 |      0 |    394 |     83 |   2 |  343.5 |
               +--------+--------+--------+--------+--------+-----+--------+

Top non-repeatable levels by time:
     D:6: 524 daAuts
     D:5: 162 daAuts
